 Dungeon Crawl Stone Soup version 0.26.1-11-gd32895ea62 (webtiles) character file.

Game seed: 10334759439742594356

4009 raph the Basher (level 10, -2/81 HPs)
             Began as a Minotaur Fighter on June 21, 2021.
             Was an Elder of Zin.
             Slain by a two-headed ogre
             ... wielding a +0 giant spiked club
              (5 damage)
             ... on level 8 of the Dungeon.
             The game lasted 00:15:40 (8562 turns).

raph the Basher (Minotaur Fighter)                  Turns: 8562, Time: 00:15:41

Health: -2/81      AC: 13    Str: 20    XL:     10   Next: 3%
Magic:  13/13      EV:  7    Int: 11    God:    Zin [****..]
Gold:   306        SH:  9    Dex: 14    Spells: 9/9 levels left

rFire    . . .     SeeInvis .   a - +0 flail
rCold    . . .     Faith    .   c - +0 kite shield
rNeg     + . .     Spirit   .   r - +0 chain mail
rPois    .         Reflect  .   (helmet restricted)
rElec    .         Harm     .   (no cloak)
rCorr    .         Rampage  .   k - +2 pair of gloves
Will     .....                  (no boots)
Stlth    ..........             (no amulet)
HPRegen  0.23/turn              e - ring of positive energy
MPRegen  0.13/turn              i - +6 ring of intelligence

@: no status effects
A: retaliatory headbutt, horns 2
a: Renounce Religion, Recite, Vitalisation, Imprison, Donate Gold


You were on level 8 of the Dungeon.
You worshipped Zin.
Zin was greatly pleased with you.
You visited 1 branch of the dungeon, and saw 8 of its levels.
You also visited: Ossuary.

You collected 339 gold pieces.
You donated 33 gold pieces to Zin.

Inventory:

Hand Weapons
 a - a +0 flail (weapon)
Missiles
 j - 24 poisoned darts
 n - 2 throwing nets (quivered)
Armour
 b - a +0 scale mail
 c - a +0 kite shield (worn)
 k - a +2 pair of gloves (worn)
 m - a +1 ring mail of willpower
 r - a +0 chain mail (worn)
Jewellery
 e - a ring of positive energy (left hand)
 i - a +6 ring of intelligence (right hand)
 A - an uncursed ring of wizardry
Wands
 s - a wand of disintegration (13)
 y - a wand of enslavement (4)
 B - a wand of flame (21)
Scrolls
 l - 7 scrolls of teleportation
 u - a scroll of remove curse
 v - 3 scrolls of identify
 z - a scroll of enchant armour
Potions
 d - 2 potions of might
 f - a potion of brilliance
 g - a potion of heal wounds
 h - 3 potions of curing
 o - 2 potions of haste
 p - a potion of lignification
 q - a potion of attraction
 t - 4 potions of invisibility {unknown}
 w - a potion of magic {unknown}
 x - 2 potions of mutation {unknown}


   Skills:
 + Level 5.2 Fighting
 - Level 14.0 Maces & Flails
 + Level 5.2 Armour
 + Level 3.1 Dodging
 - Level 3.6 Shields
 + Level 5.7 Invocations


You had 9 spell levels left.
You didn't know any spells.
Your spell library contained the following spells:

 Spells                   Type           Power        Failure   Level
 Sandblast                Erth           0%           100%        1
 Summon Small Mammal      Summ           0%           100%        1
 Call Imp                 Summ           0%           100%        2
 Passwall                 Tmut/Erth      0%           100%        2
 Call Canine Familiar     Summ           0%           100%        3
 Stone Arrow              Conj/Erth      0%           100%        3
 Summon Guardian Golem    Hex/Summ       0%           100%        3
 Petrify                  Tmut/Erth      0%           100%        4
 Summon Ice Beast         Ice/Summ       0%           100%        4
 Summon Lightning Spire   Summ/Air       0%           100%        4
 Lee's Rapid Deconstruct  Erth           0%           100%        5


Dungeon Overview and Level Annotations

Branches:
Dungeon (8/15)             Temple (0/1) D:7            Lair (0/6) D:8
Ossuary (visited)

Altars:
Ashenzari
Dithmenos
Fedhas
Nemelex Xobeh
Ru
Sif Muna
Zin

Shops:
D:5 :   D:7 }

Annotations:
D:6 exclusion: orc wizard


Innate Abilities, Weirdness & Mutations

You reflexively headbutt those who attack you in melee.
You have a pair of horns on your head.


Message History

You hit the two-headed ogre.
The two-headed ogre is heavily wounded.
The two-headed ogre hits you with a +0 giant spiked club!!
* * * LOW HITPOINT WARNING * * *
The two-headed ogre misses you.
You thump the two-headed ogre!
The two-headed ogre is severely wounded.
You sock the two-headed ogre!
The two-headed ogre is almost dead.
The two-headed ogre hits you with a +0 giant spiked club!!
* * * LOW HITPOINT WARNING * * *
You block the two-headed ogre's attack.
Aiming: Disintegrate
Press: ? - help, Shift-Dir - straight line, f - two-headed ogre
Aim: a two-headed ogre, wielding a +0 giant spiked club and a +0 giant club (almost dead, chance to affect: 48%)
The two-headed ogre resists with some effort.
The two-headed ogre hits you with a +0 giant spiked club.
Zin protects you from harm!
The two-headed ogre hits you with a +0 giant club.
You die...

.## #.!... .. ####.[...!
#.##..#.....P
#.#..".......
#....$...[...
#........>.....#
#..............
#####............
..#@O..#.......# .
#.#....#.......#
..####.#....##.....# .
<...........###...## ..
.#......#...# #.#.# ..
..#...^......###...# #
........####...).O.######
.........#######.........
########...# #.........


You could see a two-headed ogre.

Vanquished Creatures
  Prince Ribbit (D:7)
  Sigmund (D:6)
  A wyvern (D:8)
  A yak (D:8)
  A basilisk (D:8)
  An ice beast (D:7)
  3 orc warriors (D:7)
  A black bear (D:8)
  4 ogres
  A necrophage (D:6)
  3 phantoms
  A centaur (D:7)
  2 elf zombies (Ossuary)
  A gnoll sergeant (D:7)
  2 bullfrogs
  5 scorpions
  4 wights (D:6)
  A centaur zombie (Ossuary)
  A howler monkey (D:8)
  2 human zombies (Ossuary)
  6 orc priests
  A hound (D:6)
  A bullfrog skeleton (D:7)
  10 orc wizards
  2 centaur skeletons
  3 iguanas
  4 worker ants
  A hound zombie (D:7)
  A hound skeleton (D:5)
  2 mummies (Ossuary)
  Robin (D:2)
  8 gnolls
  7 adders
  A white imp (D:7)
  3 oozes
  An ufetubus (D:6)
  An adder skeleton (D:4)
  3 adder zombies
  6 worms
  A dart slug (D:1)
  5 leopard geckos
  27 orcs
  5 giant cockroaches
  11 goblins
  17 hobgoblins
  16 jackals
  3 quokkas
  7 bats
  4 frilled lizards
  11 hobgoblin zombies (Ossuary)
  A jackal zombie (Ossuary)
  9 kobolds
  9 kobold zombies (Ossuary)
  6 orc zombies (Ossuary)
  9 rats
  2 rat zombies (Ossuary)
242 creatures vanquished.

Vanquished Creatures (others)
  A plant (D:2)
1 creature vanquished.

Grand Total: 243 creatures vanquished

Notes
Turn   | Place    | Note
-------+----------+-------------------------------------------
     0 | D:1      | raph the Minotaur Fighter began the quest for the Orb.
     0 | D:1      | Reached XP level 1. HP: 19/19 MP: 0/0
    26 | D:1      | Reached skill level 3 in Maces & Flails
   137 | D:1      | Reached XP level 2. HP: 26/26 MP: 1/1
   367 | D:1      | Reached skill level 4 in Maces & Flails
   616 | D:2      | Reached XP level 3. HP: 25/31 MP: 2/2
  1021 | D:2      | Found a sacrificial altar of Ru.
  1056 | D:2      | Found a shadowy altar of Dithmenos.
  1062 | D:2      | Noticed Robin
  1067 | D:2      | Reached skill level 5 in Maces & Flails
  1105 | D:2      | Reached XP level 4. HP: 24/39 MP: 3/3
  1116 | D:2      | Killed Robin
  1566 | D:2      | Reached skill level 6 in Maces & Flails
  1986 | D:3      | Reached XP level 5. HP: 31/45 MP: 4/4
  1996 | D:3      | Reached skill level 7 in Maces & Flails
  2211 | D:3      | Reached XP level 6. HP: 44/51 MP: 5/5
  2240 | D:3      | Reached skill level 8 in Maces & Flails
  2573 | D:3      | Found a faded altar of an unknown god.
  2575 | D:3      | Became a worshipper of Zin the Law-Giver
  2575 | D:3      | Reached * piety under Zin
  2575 | D:3      | Reached ** piety under Zin
  3346 | D:4      | Reached skill level 9 in Maces & Flails
  3346 | D:4      | Reached skill level 1 in Invocations
  3346 | D:4      | Reached XP level 7. HP: 53/57 MP: 6/6
  3668 | D:4      | Reached *** piety under Zin
  3697 | D:5      | Entered Level 5 of the Dungeon
  3706 | D:5      | Found a sparkling altar of Nemelex Xobeh.
  4230 | D:5      | Reached skill level 10 in Maces & Flails
  4366 | D:5      | Found Todixt's Book Emporium.
  4377 | D:5      | Reached XP level 8. HP: 50/64 MP: 9/9
  4992 | D:6      | Found a sand-covered staircase.
  4997 | Ossuary  | Entered an ossuary
  5080 | Ossuary  | Reached **** piety under Zin
  5208 | Ossuary  | Reached skill level 11 in Maces & Flails
  5811 | D:6      | Noticed Sigmund
  5819 | D:6      | Killed Sigmund
  5820 | D:6      | Reached skill level 12 in Maces & Flails
  6323 | D:6      | Reached XP level 9. HP: 55/70 MP: 11/11
  6456 | D:6      | Found a shimmering blue altar of Sif Muna.
  6858 | D:7      | Reached skill level 13 in Maces & Flails
  7057 | D:7      | Found Defuimio's Gadget Shoppe.
  7081 | D:7      | Noticed Prince Ribbit
  7094 | D:7      | Killed Prince Ribbit
  7368 | D:7      | Reached skill level 14 in Maces & Flails
  7380 | D:7      | Reached skill level 1 in Dodging
  7384 | D:7      | Reached skill level 5 in Invocations
  7554 | D:7      | Reached ***** piety under Zin
  7632 | D:7      | Found a broken altar of Ashenzari.
  7632 | D:7      | Found a blossoming altar of Fedhas.
  7915 | D:7      | Found a staircase to the Ecumenical Temple.
  8159 | D:8      | Found a staircase to the Lair.
  8192 | D:8      | Reached skill level 5 in Fighting
  8192 | D:8      | Reached skill level 5 in Armour
  8196 | D:8      | Reached XP level 10. HP: 6/81 MP: 11/13
  8341 | D:8      | Noticed a two-headed ogre
  8558 | D:8      | HP: 2/81 [two-headed ogre/+0 giant spiked club (18)]
  8562 | D:8      | Zin protects you from harm!
  8562 | D:8      | Slain by a two-headed ogre

Illustrated notes

Levels and vault maps discovered:
D:1:      mrwooster_arrival_statue_3, layout_rooms, minmay_misc_feat_ornament
D:2:      layout_basic, nicolae_dithmenos_shadow_blocks,
          nicolae_ru_the_path_less_chosen, uniq_robin
D:3:      layout_loops_ring, chequers_ecumenical_altar_twisty
D:4:      layout_rooms, hangedman_decor_peaks_small
D:5:      layout_cave_pools, serial_shops, kennysheep_little_box, basic_altar
D:6:      layout_gridville, led_sif_book, enter_ossuary_5, uniq_sigmund
D:7:      layout_gridville, gammafunk_temple_overflow_statue,
          minmay_temple_entry_nine_rooms, serial_shops, shop,
          grunt_decor_fettered, uniq_prince_ribbit1
D:8:      layout_rooms, amethyst_overflow_temple_binary, david_lair_generic,
          serial_shops, kennysheep_mini

Skill      XL: |  1  2  3  4  5  6  7  8  9 |
---------------+----------------------------+-----
Maces & Flails | 3 4 5 6 7 9 10 12 14 | 14.0
Invocations    | 1 3 4 5 |  5.7
Fighting       | 5 |  5.2
Armour         | 5 |  5.2
Dodging        | 3 |  3.1
Shields        | |  3.6

Action                   |  1- 3 |  4- 6 |  7- 9 | 10-12 || total
-------------------------+-------+-------+-------+-------++-------
Melee: Flail             |    73 |   159 |   398 |    18 ||   648
       Headbutt          |    13 |    28 |    92 |     5 ||   138
Invok: Recite            |       |       |    21 |     2 ||    23
       Vitalisation      |       |       |     3 |       ||     3
Evoke: Wand              |       |       |     1 |     1 ||     2
  Use: Potion            |       |     1 |     2 |       ||     3
       Scroll            |       |     6 |     9 |       ||    15
 Stab: Invisible         |       |       |     3 |       ||     3
       Confused          |       |       |     2 |       ||     2
Armor: Scale mail        |    46 |    48 |       |       ||    94
       Chain mail        |       |    11 |   224 |     8 ||   243
Dodge: Dodged            |    43 |    34 |    82 |     3 ||   162
Block: Kite shield       |    61 |    76 |   164 |    11 ||   312
